 Dungeon Crawl Stone Soup version 0.20.0-7-g3b7b877 (webtiles) character file.

53 mopl the Chucker (level 3, -8/35 HPs)
             Began as a Troll Hunter on May 29, 2017.
             Mangled by Sigmund
             ... wielding a +0 scythe
              (10 damage)
             ... on level 3 of the Dungeon.
             The game lasted 00:02:02 (1512 turns).

mopl the Chucker (Troll Hunter)                     Turns: 1512, Time: 00:02:03

Health: -8/35      AC:  5    Str: 20    XL:     3   Next: 62%
Magic:  2/2        EV:  7    Int:  7    God:
Gold:   102        SH:  0    Dex: 11    Spells: 2/2 levels left

rFire    . . .     SeeInvis .     - Unarmed
rCold    . . .     Gourm    +   k - +2 shield
rNeg     . . .     Faith    .   b - +0 robe
rPois    .         Spirit   .   (helmet restricted)
rElec    .         Reflect  .   (no cloak)
rCorr    .         Harm     .   (gloves unavailable)
MR       .....                  (boots unavailable)
Stlth    +.........             (no amulet)
Regen    0.6/turn               (no ring)
MPRegen  0.1/turn               (no ring)

@: confused, lethally poisoned (-8 -> -8)
A: unfitting armour, claws 3, fast metabolism 3, gourmand, regeneration 1,
shaggy fur 1, tough skin 2
a: no special abilities


You were on level 3 of the Dungeon.
You were very full.

You visited 1 branch of the dungeon, and saw 3 of its levels.

You collected 102 gold pieces.

Inventory:

Missiles
 c - 5 large rocks
 d - 2 throwing nets
 e - 48 stones (quivered)
 o - 4 poisoned needles
 q - 4 javelins of penetration
Armour
 b - a +0 robe (worn)
 k - a +2 shield (worn)
Jewellery
 l - an uncursed ring of see invisible {unknown}
Scrolls
 j - a scroll of remove curse {unknown}
 n - a scroll of identify {unknown}
 r - a scroll of immolation {unknown}
 s - a scroll of blinking {unknown}
 t - a scroll of random uselessness {unknown}
 u - a scroll of fear {unknown}
Potions
 a - a potion of magic {unknown}
 g - a potion of haste
 h - a potion of mutation {unknown}
 i - a potion of lignification {unknown}
 m - 2 potions of curing {unknown}
Comestibles
 f - 4 bread rations
 p - a meat ration
 w - a royal jelly


   Skills:
 + Level 2.3 Fighting
 + Level 3.9 Throwing
 - Level 1.5 Dodging
 - Level 0.3 Stealth
 + Level 0.5 Shields
 * Level 1.7 Unarmed Combat


You had 2 spell levels left.
You didn't know any spells.

Dungeon Overview and Level Annotations

Branches:
Dungeon (3/15)

Altars:

Annotations:
D:3 Sigmund


Innate Abilities, Weirdness & Mutations

You are too large for most types of armour.
You have claws for hands.
Your metabolism is lightning-fast.
You like to eat raw meat.
Your natural rate of healing is unusually fast.
You are covered in fur. (AC +1)
You have very tough skin. (AC +2)


Message History

Something hits you!
You miss something. Something hits you but does no damage. Something hits you!
You see here a poisoned needle.
You feel sick.
You hear some strange, mumbled words.
A puff of flame appears from out of thin air!
The puff of flame hits you!
* * * LOW HITPOINT WARNING * * *
A magic dart appears from out of thin air!
The magic dart hits you!
Found a whip.
You hear some strange, mumbled words.
You are confused.
There is a stone staircase leading up here.
You feel sick. Something hits you but does no damage.
In your confused state, you trip and fall back down the stairs.
* * * LOW HITPOINT WARNING * * *
Something hits you!
You die...

##............# #.
#............# #
#............# #
#............# #
#.....).(...### #
#.............# # .
##.#..........# +
....##.#.{........#
#
.......@..........#
#
##.#####.........##
# ..##.....[.# # ..
#.......## ## ...
#........## ##.
....
#.........###..
....)
#..............
......
##...##....##..
#...#.........


There were no monsters in sight!

Vanquished Creatures
  2 worms
  A dart slug (D:1)
  A leopard gecko (D:3)
  2 orcs (D:3)
  A ball python (D:2)
  4 goblins
  2 hobgoblins
  7 jackals
  7 kobolds
  2 quokkas (D:2)
  2 bats
  A frilled lizard (D:1)
  10 rats
42 creatures vanquished.

Notes
Turn   | Place    | Note
-------+----------+-------------------------------------------
     0 | D:1      | mopl the Troll Hunter began the quest for the Orb.
     0 | D:1      | Reached XP level 1. HP: 19/19 MP: 0/0
   158 | D:1      | Reached XP level 2. HP: 28/28 MP: 1/1
   210 | D:1      | Reached skill level 1 in Unarmed Combat
   304 | D:1      | You fall through a shaft!
   967 | D:2      | Reached skill level 2 in Fighting
   967 | D:2      | Reached XP level 3. HP: 5/35 MP: 2/2
  1495 | D:3      | Noticed Sigmund
  1512 | D:3      | Mangled by Sigmund

Skill      XL: |  1  2 |
---------------+-------+-----
Unarmed Combat | 1 |  1.7
Fighting       | 2 |  2.3
Throwing       | |  3.9
Dodging        | |  1.5
Stealth        | |  0.3
Shields        | |  0.5

Action                   || total
-------------------------++-------
Melee: Unarmed           ||   132
 Stab: Sleeping          ||     1
  Eat: Chunk             ||    19
Armor: Robe              ||    48
Dodge: Dodged            ||    37
Block: Shield            ||    40
